 Dungeon Crawl Stone Soup version 0.26-a0-466-g989023bd0d (webtiles) character file.

Game seed: 10123001568500383898

195176 Apogee the Warrior (level 17, -1/182 HPs)
             Began as a Black Draconian Transmuter on July 29, 2020.
             Was the Champion of Okawaru.
             Slain by a black mamba (13 damage)
             ... on level 3 of the Snake Pit.
             The game lasted 01:56:12 (60948 turns).

Apogee the Warrior (Black Draconian Transmuter)    Turns: 60948, Time: 01:56:13

Health: -1/182     AC: 13    Str: 23    XL:     17   Next: 70%
Magic:  22/22      EV: 16    Int: 14    God:    Okawaru [******]
Gold:   4980       SH: 20    Dex: 17    Spells: 11/20 levels left

rFire    + . .     SeeInvis +     - Unarmed
rCold    + + +     Faith    .   w - +6 kite shield of Vehumet's Supremacy {rPois Dex+4}
rNeg     . . .     Spirit   .   (armour unavailable)
rPois    +         Reflect  .   V - +0 hat {SInv}
rElec    +         Harm     .   s - scarf {rC+ rF+}
rCorr    .                      M - +1 pair of gloves {Str+3}
MR       +....                  S - +1 pair of boots
Stlth    +++.......             e - amulet of magic regeneration
HPRegen  0.40/turn              o - ring of protection from cold
MPRegen  0.43/turn              C - ring of stealth

@: berserk cooldown, flying, slowed, very slow
A: breathe lightning, unfitting armour, big wings, cold resistance 1, robust 1,
electricity resistance, strong 1, cold-blooded, AC +9
}: 1/15 runes: barnacled
a: Breathe Lightning, Stop Flying, Heroism, Finesse, Renounce Religion


You were on level 3 of the Snake Pit.
You worshipped Okawaru.
Okawaru was exalted by your worship.
You visited 6 branches of the dungeon, and saw 31 of its levels.

You collected 5638 gold pieces.
You spent 658 gold pieces at shops.

Inventory:

Missiles
 c - 3 throwing nets {!f}
 j - 1114 stones (quivered)
 q - 17 silver javelins
Armour
 k - the +2 pair of gloves of Hopscotch {*Slow Regen+ MP+9 Dex+4}
   (Okawaru gifted it to you on level 3 of the Shoals)

   It affects your dexterity (+4).
   It affects your magic capacity (+9).
   It increases your rate of regeneration.
   It may slow you when you take damage.
 s - a scarf of resistance (worn)
   (You bought it in a shop on level 5 of the Dungeon)
 w - the +6 kite shield of Vehumet's Supremacy (worn) {rPois Dex+4}
   (You acquired it on level 9 of the Dungeon)

   It affects your dexterity (+4).
   It protects you from poison.
 H - a +0 tower shield of fire resistance
   (Okawaru gifted it to you on level 11 of the Dungeon)
 K - a scarf of shadows
   (You found it on level 3 of the Shoals)
 M - a +1 pair of gloves of strength (worn)
   (Okawaru gifted it to you on level 1 of the Lair of Beasts)
 Q - a +2 cloak
   (You found it on level 3 of the Shoals)
 S - a +1 pair of boots (worn)
   (You found it on level 6 of the Dungeon)
 V - a +0 hat of see invisible (worn)
   (Okawaru gifted it to you on level 13 of the Dungeon)
 Z - a +1 cloak of preservation
   (Okawaru gifted it to you on level 15 of the Dungeon)
Jewellery
 e - an amulet of magic regeneration (around neck)
   (You found it on level 8 of the Dungeon)
 o - a ring of protection from cold (left hand)
   (You found it on level 4 of the Dungeon)
 r - an uncursed ring of protection from cold
   (You found it on level 6 of the Lair of Beasts)
 y - an uncursed ring of ice
   (You found it on level 8 of the Dungeon)
 C - a ring of stealth (right hand)
   (You found it on level 12 of the Dungeon)
 G - an uncursed ring of magical power
   (You found it on level 11 of the Dungeon)
 I - a +6 ring of intelligence {unknown}
   (You found it on level 2 of the Snake Pit)
 L - an uncursed ring of protection from cold
   (You found it on level 6 of the Lair of Beasts)
 Y - an uncursed ring of fire {unknown}
   (You found it on level 15 of the Dungeon)
Wands
 d - a wand of iceblast (7)
   (You found it on level 3 of the Lair of Beasts)
 i - a wand of enslavement (4)
   (You found it on level 1 of the Lair of Beasts)
 u - a wand of paralysis (17)
   (You found it on level 2 of the Shoals)
 v - a wand of digging (10)
   (You found it on level 3 of the Lair of Beasts)
 U - a wand of polymorph (25)
   (You found it on level 13 of the Dungeon)
Scrolls
 a - 16 scrolls of remove curse {@r2}
 g - 4 scrolls of teleportation {@r4}
 l - 6 scrolls of enchant weapon
 n - a scroll of holy word
 z - 6 scrolls of vulnerability {!r}
 A - 2 scrolls of enchant armour
 B - a scroll of random uselessness {unknown}
 E - 7 scrolls of magic mapping
 J - 2 scrolls of immolation {!r}
 T - 6 scrolls of identify {@r1}
Potions
 b - 9 potions of curing {@q1}
 f - a potion of ambrosia
 h - 3 potions of stabbing
 m - 8 potions of brilliance
 p - 4 potions of cancellation
 t - a potion of invisibility
 D - a potion of might
 F - 2 potions of magic
 O - a potion of resistance
 P - 8 potions of lignification {!q}
 R - a potion of berserk rage
 W - a potion of haste {@q3}


   Skills:
 + Level 18.9 Fighting
 - Level 6.0 Dodging
 - Level 15.0 Shields
 - Level 16.8 Unarmed Combat
 - Level 2.0 Spellcasting
 - Level 11.6 Transmutations
 - Level 7.0 Invocations


You had 11 spell levels left.
You knew the following spells:

 Your Spells              Type           Power        Failure   Level
a - Beastly Appendage     Tmut           ####..       1%          1
b - Blade Hands           Tmut           ####......   5%          5
x - Spider Form           Tmut/Pois      ###.......   7%          3

Your spell library contained the following spells:

 Spells                   Type           Power        Failure   Level
 Wereblood                Tmut           ####....     1%          2
 Passwall                 Tmut/Erth      ###.....     3%          2
 Ice Form                 Ice/Tmut       ###.....     22%         4
 Petrify                  Tmut/Erth      ###.....     22%         4
 Animate Skeleton         Necr           #.....       24%         1
 Foxfire                  Conj/Fire      #...         24%         1
 Pain                     Necr           #...         24%         1
 Sandblast                Erth           #.....       24%         1
 Hydra Form               Tmut           ####......   30%         6
 Irradiate                Conj/Tmut      ###.......   52%         5
 Yara's Violent Unravell  Hex/Tmut       ###.......   52%         5
 Confusing Touch          Hex            #.......     56%         3
 Conjure Flame            Conj/Fire      #.......     56%         3
 Gell's Gravitas          Tloc           #.........   56%         3
 Inner Flame              Hex/Fire       #.......     56%         3
 Mephitic Cloud           Conj/Pois/Air  #.......     56%         3
 Stone Arrow              Conj/Erth      #.....       56%         3
 Vampiric Draining        Necr           #.........   56%         3
 Dragon Form              Tmut           ####......   86%         7
 Animate Dead             Necr           #.........   93%         4
 Cause Fear               Hex            #.........   93%         4
 Fulminant Prism          Conj/Hex       #.........   93%         4
 Leda's Liquefaction      Hex/Erth       #.........   93%         4
 Sticky Flame             Conj/Fire      #.......     93%         4
 Statue Form              Tmut/Erth      ###......    98%         6
 Agony                    Necr           #.......     100%        5
 Bolt of Magma            Conj/Fire/Erth #.........   100%        5
 Fireball                 Conj/Fire      #.........   100%        5
 Lee's Rapid Deconstruct  Erth           #.........   100%        5
 Metabolic Englaciation   Hex/Ice        #.........   100%        5
 Silence                  Hex/Air        #.........   100%        5
 Summon Demon             Summ           #.........   100%        5
 Summon Forest            Summ/Tloc      #.........   100%        5
 Summon Mana Viper        Hex/Summ       #.......     100%        5
 Iron Shot                Conj/Erth      #.........   100%        6
 Shadow Creatures         Summ           N/A          100%        6
 Orb of Destruction       Conj           #.........   100%        7
 Summon Hydra             Summ           #.........   100%        7
 Discord                  Hex            #.........   100%        8
 Shatter                  Erth           #.........   100%        9


Dungeon Overview and Level Annotations

Branches:
Dungeon (15/15)            Temple (1/1) D:7            Lair (6/6) D:10
 Shoals (4/4) Lair:2        Snake (4/4) Lair:3        Slime (0/5) Lair:6
    Orc (0/2) D:12         Vaults (0/5) D:14         Depths (1/5) D:15

Altars:
Cheibriados
Fedhas
Gozag
Kikubaaqudgha
Makhleb
Nemelex Xobeh
Okawaru
Qazlal
Ru
Trog
Uskayaw
Vehumet
Wu Jian
Xom
Zin
Jiyva

Shops:
D:5 *[[([   D:12 [   D:14 *   Snake:3 }}=

Portals:
Hell: Depths:1

Annotations:
D:3 1 runed translucent door, Totomo's ghost, amateur DsMo
Lair:1 exclusion: oklob plant
Lair:4 Snorg
Shoals:4 2 runed translucent doors, Prakerore's ghost, adept DrIE
Snake:3 exclusion: downstairs
Snake:4 exclusions: 3 doors and 1 more exclusion, Vashnia


Innate Abilities, Weirdness & Mutations

You can breathe wild blasts of lightning.
Your glossy black scales are hard. (AC +9)
You cannot fit into any form of body armour.
Your large and strong wings let you fly indefinitely.
You are resistant to electric shocks. (rElec)
You are cold-blooded and may be slowed by cold attacks.
Your flesh is cold resistant. (rC+)
You are robust. (+10% HP)
Your muscles are strong. (Str +2)


Message History

* * * LOW HITPOINT WARNING * * *
You miss the shock serpent. You block the shock serpent's attack.
You closely miss the shock serpent. You tail-slap the shock serpent.
You hit the shock serpent. You tail-slap the shock serpent!
The shock serpent's electric aura discharges, shocking you!
You resist. You block the shock serpent's attack.
You pummel the shock serpent!!
You kill the shock serpent!
Okawaru accepts your kill.
You hit the black mamba. The black mamba closely misses you.
You pummel the black mamba!! You block the black mamba's attack.
You hit the black mamba. You closely miss the black mamba.
You block the black mamba's attack.
You barely miss the black mamba.
Your tail-slap misses the black mamba.
The black mamba bites you.
* * * LOW HITPOINT WARNING * * *
You barely miss the black mamba.
Your tail-slap misses the black mamba.
You block the black mamba's attack.
You pummel the black mamba!!
You kill the black mamba!
Okawaru accepts your kill.
You feel a strong urge to attack something.
You are no longer berserk.
You are exhausted.
You feel yourself slow down.
The naga sharpshooter spits poison at you.
You block the splash of poison.
Items here: ( )) †.
You see here 3 bolts.
You see here an arrow.
The black mamba hisses angrily.
Things that are here:
an uncursed ring of magical power; a +0 vorpal halberd The black mamba bites you!
* * * LOW HITPOINT WARNING * * *
The black mamba misses you. You block the black mamba's attack.
Things that are here:
21 arrows; a +0 shortbow of flaming You block the black mamba's attack.
There is a stone staircase leading up, spattered with blood here.
Things that are here:
15 arrows; a +0 flail You block the black mamba's attack.
The black mamba bites you but does no damage.
The black mamba closely misses you.
You fly upwards.
Level annotation: exclusion: downstairs
There is a stone staircase leading down, spattered with blood here.
You closely miss the black mamba. The black mamba bites you!
You die...

#.................'.....# #......
######............#####.###......
#.......###...####...'......
#......##.......##.###......
##.....#.........#.# #####'#
##....#.........#.# #......
##.......>......####......
##.....[.S........#......
####'#...(@)>.......'....##
#######....##(.[[)..))#...#...##.
#....##./.[##.........#..##...#..
......'....###.((....##.###...#♣.
......#.)..(.###((.###.## #...#..
......#....#.(()..###''# #...##.
......#....##'###################
......####'##.#...##.....##......
............#.#..##.#####.##.....


You could see a black mamba.

Vanquished Creatures
  Nikola (Snake:3)
  Jorgrun (Snake:2)
  A sphinx (D:14)
  3 nagarajas (Snake:3)
  Aizul (Snake:3)
  A war gargoyle (D:15)
  3 dire elephants (Lair:6)
  3 merfolk javelineers
  7 merfolk impalers
  A yaktaur captain (D:15)
  Josephine (Lair:2)
  5 hydras
  14 naga warriors
  Erolcha (D:11)
  10 anacondas
  5 two-headed ogres
  4 merfolk avatars
  4 centaur warriors
  A catoblepas (Lair:3)
  A merfolk aquamancer (Shoals:4)
  An ogre mage (D:14)
  2 satyrs
  6 shock serpents
  2 tengu warriors
  7 naga sharpshooters
  A salamander mystic (Snake:3)
  9 sea snakes
  2 unseen horrors (D:11)
  2 flayed ghosts
  7 naga ritualists
  A kraken simulacrum (Shoals:4)
  3 deep elf magi
  9 mana vipers
  9 harpies
  9 merfolk sirens
  A wolf spider (D:13)
  8 manticores
  9 salamanders
  24 ugly things
  4 cyclopes
  10 fauns
  A centaur zombie (D:15)
  21 elephants
  9 guardian serpents
  6 naga magi
  39 black mambas
  3 water nymphs
  A gargoyle (D:10)
  8 cane toads
  2 yaktaurs
  A rime drake (Lair:6)
  A rime drake (shapeshifter) (D:13)
  A freezing wraith (D:15)
  13 komodo dragons
  20 merfolk
  A redback zombie (D:13)
  A tengu conjurer (D:15)
  A troll (shapeshifter) (D:15)
  A harpy zombie (D:15)
  4 hornets
  4 trolls
  A wind drake (Shoals:3)
  A polar bear (Lair:6)
  4 snapping turtles
  11 hippogriffs
  13 blink frogs
  7 slime creatures
  15 dream sheep
  10 water elementals
  4 shadows
  11 wraiths
  A wyvern (D:10)
  11 fire bats (D:12)
  35 yaks
  5 basilisks
  A steam dragon (D:11)
  Grum (D:11)
  41 nagas
  6 water moccasins
  2 acid dragons (D:14)
  8 porcupines
  5 ice beasts
  A swamp drake (D:10)
  3 sky beasts
  An ice beast (shapeshifter) (D:13)
  2 black bears
  7 orc warriors
  7 ogres
  13 wolves
  15 centaurs
  A big kobold (D:7)
  20 crocodiles
  14 bullfrogs
  4 scorpions
  11 killer bees
  18 wights
  4 electric eels (D:13)
  A howler monkey (D:8)
  11 hounds
  4 quasits
  3 bullfrog zombies
  2 jellies
  2 bullfrog skeletons
  4 centaur skeletons
  10 orc priests
  19 orc wizards
  A gnoll shaman (D:5)
  7 iguanas
  9 worker ants
  A killer bee zombie (D:9)
  A hound zombie (D:7)
  A worker ant zombie (D:7)
  12 adders
  3 gnolls (D:5)
  A shadow imp (D:5)
  4 white imps
  3 ufetubi
  3 adder skeletons
  4 worms
  3 dart slugs
  8 leopard geckos
  67 orcs
  82 bats
  3 giant cockroaches
  8 goblins
  4 hobgoblins
  7 jackals
  2 quokkas
  3 ball pythons
  11 frilled lizards
  2 jackal skeletons
  15 kobolds
  A leopard gecko skeleton (D:4)
  A leopard gecko zombie (D:8)
  7 rats
  8 plants
  4 tentacles
988 creatures vanquished.

Vanquished Creatures (collateral kills)
  2 merfolk sirens (Lair:2)
2 creatures vanquished.

Vanquished Creatures (others)
  A nagaraja (Snake:3)
  A cyclops (Shoals:3)
  A black mamba (Snake:1)
  An adder (D:4)
  3 fungi
  16 plants
  17 tentacles
40 creatures vanquished.

Grand Total: 1030 creatures vanquished

Notes
Turn   | Place    | Note
-------+----------+-------------------------------------------
     0 | D:1      | Apogee the Draconian Transmuter began the quest for the
                  | Orb.
     0 | D:1      | Reached XP level 1. HP: 16/16 MP: 3/3
   165 | D:1      | Reached XP level 2. HP: 20/23 MP: 5/5
   748 | D:1      | Reached XP level 3. HP: 24/29 MP: 6/6
  1225 | D:2      | Learned a level 3 spell: Spider Form
  1248 | D:2      | Reached skill level 2 in Fighting
  1996 | D:2      | Reached XP level 4. HP: 32/36 MP: 7/7
  3212 | D:3      | Found a runed translucent door.
  3222 | D:3      | Noticed Totomo's ghost (amateur DsMo)
  3266 | D:4      | Found a shimmering altar of Xom.
  3430 | D:3      | Reached XP level 5. HP: 19/42 MP: 1/8
  3689 | D:3      | Gained mutation: Scrolls take you a little longer to read.
                  | [mutagenic glow]
  3728 | D:3      | Gained mutation: You tend to lose your temper in combat.
                  | [mutagenic glow]
  3848 | D:4      | Found a sparkling altar of Nemelex Xobeh.
  3909 | D:4      | Reached skill level 3 in Fighting
  3909 | D:4      | Reached skill level 5 in Unarmed Combat
  4153 | D:4      | Reached XP level 6. HP: 9/51 MP: 4/9
  5025 | D:5      | Entered Level 5 of the Dungeon
  5055 | D:5      | Found Deciet's Antique Weapon Emporium.
  5331 | D:5      | Found Natirul's Armour Boutique.
  5349 | D:5      | Bought a +0 pair of gloves of dexterity for 161 gold pieces
  6188 | D:5      | Your scales start taking on a glossy black colour.
  6188 | D:5      | Reached XP level 7. HP: 46/58 MP: 10/10
  6188 | D:5      | Gained mutation: You are resistant to electric shocks.
                  | (rElec) [Black Draconian growth]
  6193 | D:5      | Reached skill level 4 in Fighting
  6219 | D:5      | Lost mutation: Scrolls take you a little longer to read.
                  | [potion of mutation]
  6219 | D:5      | Lost mutation: You tend to lose your temper in combat.
                  | [potion of mutation]
  6219 | D:5      | Gained mutation: You have sharp toenails. [potion of
                  | mutation]
  6219 | D:5      | Gained mutation: You are robust. (+10% HP) [potion of
                  | mutation]
  6219 | D:5      | Gained mutation: Your flesh is cold resistant. (rC+)
                  | [potion of mutation]
  6219 | D:5      | Gained mutation: Your muscles are strong. (Str +2) [potion
                  | of mutation]
  6340 | D:5      | Found Inwes's Armour Boutique.
  6373 | D:5      | Found Dotonav's General Store.
  7330 | D:5      | Found Qaakuan's Armour Emporium.
  7334 | D:5      | Bought a +0 cloak for 49 gold pieces
  7978 | D:6      | Reached skill level 5 in Fighting
  7978 | D:6      | Reached XP level 8. HP: 72/74 MP: 11/11
  8063 | D:6      | Reached skill level 5 in Transmutations
  8626 | D:5      | Identified a scroll of acquirement
  8626 | D:5      | Acquired 2560 gold pieces
  8687 | D:5      | Bought a scarf of resistance for 448 gold pieces
  9188 | D:7      | Found a staircase to the Ecumenical Temple.
  9297 | Temple   | Entered the Ecumenical Temple
  9310 | Temple   | Became a worshipper of Warmaster Okawaru
  9376 | D:7      | Noticed a hippogriff
  9413 | D:7      | Killed a hippogriff
  9692 | D:7      | Found a bloodstained altar of Trog.
  9692 | D:7      | Noticed a deep elf mage
  9692 | D:7      | Noticed a deep elf mage
  9919 | D:7      | Reached skill level 6 in Fighting
  9981 | D:7      | Killed a deep elf mage
  9981 | D:7      | Reached * piety under Okawaru
  9981 | D:7      | Reached XP level 9. HP: 56/85 MP: 9/12
 10025 | D:7      | Killed a deep elf mage
 10172 | D:8      | Reached skill level 7 in Fighting
 10459 | D:8      | Reached ** piety under Okawaru
 10791 | D:8      | Reached skill level 10 in Unarmed Combat
 11325 | D:8      | Reached *** piety under Okawaru
 11325 | D:8      | Reached XP level 10. HP: 53/96 MP: 13/13
 11374 | D:8      | Reached skill level 8 in Fighting
 12595 | D:9      | Noticed a purple ugly thing
 12710 | D:9      | Killed a purple ugly thing
 13046 | D:9      | Reached **** piety under Okawaru
 13573 | D:9      | Acquired the +6 kite shield of Vehumet's Supremacy {rPois
                  | Dex+4}
 14797 | D:10     | Entered Level 10 of the Dungeon
 14798 | D:10     | Noticed a two-headed ogre
 14812 | D:10     | Killed a two-headed ogre
 14812 | D:10     | Reached skill level 9 in Fighting
 15087 | D:10     | Reached skill level 1 in Shields
 15087 | D:10     | Reached XP level 11. HP: 106/106 MP: 12/14
 15246 | D:10     | Found a staircase to the Lair.
 15444 | D:10     | Found a staircase to the Lair.
 15632 | D:10     | Noticed a centaur warrior
 15647 | D:10     | Killed a centaur warrior
 15647 | D:10     | Reached ***** piety under Okawaru
 16051 | D:10     | Noticed a two-headed ogre
 16091 | D:10     | Killed a two-headed ogre
 16321 | D:11     | Noticed a cyan ugly thing
 16383 | D:10     | Killed a cyan ugly thing
 16497 | D:11     | Killed an unseen horror
 16795 | D:11     | Received a gift from Okawaru
 16795 | D:11     | Reached skill level 10 in Fighting
 16943 | D:11     | Noticed a white ugly thing
 16952 | D:11     | Killed a white ugly thing
 17145 | D:11     | Noticed a purple ugly thing
 17178 | D:11     | Killed a white ugly thing
 17348 | D:11     | Noticed Grum
 17370 | D:11     | HP: 5/110 [something (7)]
 17377 | D:11     | Killed an unseen horror
 17386 | D:11     | Killed Grum
 17806 | D:11     | Got an ancient falchion
 17865 | D:11     | Noticed Erolcha
 18080 | D:11     | Killed Erolcha
 18505 | D:12     | Reached XP level 12. HP: 117/117 MP: 15/15
 18707 | D:12     | Found a staircase to the Orcish Mines.
 18872 | D:12     | Found Esut's Armour Shoppe.
 18877 | D:12     | Found a bloodstained altar of Trog.
 19220 | D:12     | Found a runed translucent door.
 19255 | D:12     | Found an opulent altar of Gozag.
 19298 | D:12     | Found a blossoming altar of Fedhas.
 19321 | D:12     | Found a sparkling altar of Nemelex Xobeh.
 19387 | D:12     | Found a hide-covered altar of Uskayaw.
 19397 | D:12     | Reached skill level 5 in Dodging
 19407 | D:12     | Reached skill level 5 in Shields
 19497 | D:12     | Found a radiant altar of Vehumet.
 19523 | D:12     | Found an opulent altar of Gozag.
 19661 | D:12     | Reached ****** piety under Okawaru
 19667 | D:12     | Got a twitching brass ring
 19673 | D:12     | Identified the cursed ring "Ahasoanled" {+Blink rC- Str-4
                  | Slay-3 Stlth+} (You found it on level 12 of the Dungeon)
 19919 | Lair:1   | Entered Level 1 of the Lair of Beasts
 19937 | Lair:1   | Reached skill level 11 in Fighting
 20890 | Lair:1   | Found the +9 staff of Olgreb {rPois∞}
 20938 | Lair:1   | Received a gift from Okawaru
 22000 | Lair:2   | Found a staircase to the Shoals.
 22022 | Lair:2   | You fall into a shaft and drop 2 floors!
 22128 | Lair:3   | Noticed a catoblepas
 22148 | Lair:3   | Killed a catoblepas
 22148 | Lair:3   | Reached XP level 13. HP: 63/127 MP: 16/16
 22470 | Lair:3   | Found a staircase to the Snake Pit.
 22486 | Lair:3   | Reached skill level 15 in Unarmed Combat
 22526 | Lair:3   | Reached skill level 1 in Invocations
 23120 | Lair:4   | Noticed Snorg
 23658 | Lair:3   | Received a gift from Okawaru
 24570 | Lair:2   | Got a crystal war axe
 25840 | Lair:5   | Reached skill level 10 in Shields
 27511 | D:13     | Received a gift from Okawaru
 28618 | D:13     | Gained mutation: Your large and strong wings let you fly
                  | indefinitely. [Black Draconian growth]
 28618 | D:13     | Reached XP level 14. HP: 129/136 MP: 17/17
 29068 | D:14     | Found a gate to the Vaults.
 29678 | D:14     | Found Muasokk's Assorted Antiques.
 30631 | D:14     | Identified the cursed +1 falchion "Embalmer" {vorpal,
                  | *Noise rC+ rN+ Str+2} (You found it on level 11 of the
                  | Dungeon)
 30632 | D:14     | Identified the +8 war axe "Akkiqast" {freeze, Str+3} (You
                  | found it on level 2 of the Lair of Beasts)
 30652 | D:15     | Entered Level 15 of the Dungeon
 31244 | D:15     | Found a large runed translucent door.
 31245 | D:15     | Found a large runed translucent door.
 31463 | D:15     | Received a gift from Okawaru
 32780 | D:15     | Found a staircase to the Depths.
 32985 | D:15     | Noticed a war gargoyle
 32996 | D:15     | Noticed a sphinx
 33514 | D:14     | Reached skill level 15 in Shields
 33533 | D:14     | Paralysed by a sphinx for 3 turns
 33544 | D:14     | Killed a sphinx
 33783 | D:15     | Killed a war gargoyle
 33783 | D:15     | Received a gift from Okawaru
 34016 | D:15     | Found an ancient bone altar of Kikubaaqudgha.
 34021 | D:15     | Found a sparkling altar of Nemelex Xobeh.
 34076 | Depths:1 | Entered Level 1 of the Depths
 34076 | Depths:1 | Found a gateway to Hell.
 34285 | Lair:6   | Entered Level 6 of the Lair of Beasts
 34292 | Lair:6   | Learned a level 5 spell: Blade Hands
 34331 | Lair:6   | Found a staircase to the Slime Pits.
 34332 | Lair:6   | Found a viscous altar of Jiyva.
 34702 | Lair:6   | Reached XP level 15. HP: 143/145 MP: 18/18
 34999 | Lair:6   | Reached skill level 12 in Fighting
 36666 | Lair:6   | Got a smouldering mace
 36827 | Lair:6   | Reached skill level 10 in Transmutations
 37075 | Lair:6   | HP: 3/147 [dire elephant (22)]
 37589 | Shoals:1 | Entered Level 1 of the Shoals
 37589 | Shoals:1 | Noticed Josephine
 37728 | Lair:2   | Killed Josephine
 38239 | Lair:2   | Upgraded the game from 0.26-a0-455-g0958c023ba to
                  | 0.26-a0-466-g989023bd0d
 38832 | Shoals:1 | Received a gift from Okawaru
 38833 | Shoals:1 | Got an ichor-stained demon blade {god gift}
 39691 | Shoals:2 | Reached skill level 13 in Fighting
 41694 | Shoals:3 | HP: 7/149 [satyr/arrow (19)]
 42528 | Shoals:3 | Received a gift from Okawaru
 42529 | Shoals:3 | Got a pair of glimmering gloves {god gift}
 42531 | Shoals:3 | Identified the +2 pair of gloves of Hopscotch {*Slow Regen+
                  | MP+9 Dex+4} (Okawaru gifted it to you on level 3 of the
                  | Shoals)
 43751 | Shoals:3 | Reached XP level 16. HP: 153/158 MP: 19/19
 44197 | Shoals:4 | Entered Level 4 of the Shoals
 44515 | Shoals:4 | HP: 3/159 [merfolk javelineer/javelin (9)]
 44891 | Shoals:4 | Found a large runed translucent door.
 44891 | Shoals:4 | Found a large runed translucent door.
 44892 | Shoals:4 | Noticed Prakerore's ghost (adept DrIE)
 45516 | Shoals:4 | Got a barnacled rune of Zot
 45534 | Shoals:4 | Reached skill level 14 in Fighting
 47156 | Shoals:1 | Found a burning altar of Makhleb.
 47161 | Shoals:1 | Noticed a kraken
 48014 | Snake:1  | Entered Level 1 of the Snake Pit
 49155 | Snake:1  | Received a gift from Okawaru
 49233 | Snake:1  | Reached skill level 5 in Invocations
 50529 | Snake:1  | Reached skill level 15 in Fighting
 51372 | Snake:2  | Received a gift from Okawaru
 51897 | Snake:2  | Identified the Papyrus of Creative Battle Magic
 52036 | Snake:2  | Noticed Jorgrun
 52656 | Snake:2  | Killed Jorgrun
 53314 | Snake:3  | Reached skill level 16 in Fighting
 53490 | Snake:3  | Noticed Nikola
 53522 | Snake:3  | Killed Nikola
 53603 | Snake:3  | Reached XP level 17. HP: 117/173 MP: 22/22
 54508 | Snake:3  | Received a gift from Okawaru
 55077 | Snake:3  | Reached skill level 17 in Fighting
 55206 | Snake:3  | Found Jity's Jewellery Boutique.
 55207 | Snake:3  | Found Siechozy's Gadget Emporium.
 55207 | Snake:3  | Found Rapituant's Gadget Emporium.
 55299 | Snake:3  | Noticed Aizul
 55445 | Snake:3  | HP: 8/177 [nagaraja/splash of poison (3)]
 56419 | Snake:3  | Received a gift from Okawaru
 56582 | Snake:3  | Killed Aizul
 57597 | Snake:4  | Entered Level 4 of the Snake Pit
 58252 | Snake:4  | Found a snail-covered altar of Cheibriados.
 58343 | Snake:3  | Reached skill level 18 in Fighting
 59905 | Snake:4  | Noticed Vashnia
 60511 | Snake:4  | Received a gift from Okawaru
 60911 | Snake:4  | HP: 10/273 [shock serpent/electric aura (4)]
 60920 | Snake:4  | HP: 9/273 [black mamba (3)]
 60948 | Snake:3  | Slain by a black mamba

Illustrated notes

Levels and vault maps discovered:
D:1:      nicolae_arrival_washed_ashore, layout_rooms, minivault_26
D:2:      layout_basic, minmay_curled_crystal, minmay_lizard_king
D:3:      layout_rooms, ebering_ghost_reflecting_pool, grunt_ministairs_2,
          st_stairs_5, minmay_misc_feat_more_columns
D:4:      layout_loops_ring, nemelex_xobeh_ov_fountains_minmay,
          xom_confusion_cloud
D:5:      layout_basic, serial_shops, nicolae_shop_waterfront,
          nicolae_shop_crystal, shop, nicolae_shop_stone, shop
D:6:      layout_basic
D:7:      layout_basic, temple_hall, david_defended_altar_elf
D:8:      layout_basic, enter_ossuary_3, enter_bailey_2, minmay_bent
D:9:      layout_long_grid, hangedman_decor_slide_cut, lightli_corner_chamber
D:10:     layout_loops_ring, erik_lair_dragon
D:11:     layout_irregular_city, uniq_grum, uniq_erolcha
D:12:     due_megacathedral, layout_rooms, david_orc_4, serial_shops, shop,
          bloody_trog
D:13:     hourglass_vault, layout_basic
D:14:     layout_loops_cross, david_vaults_2, serial_shops, shop,
          kennysheep_cross_room
D:15:     grunt_enter_depths_snipers, layout_small_grid,
          chequers_serial_rivers_micro_d, jmf_multi_god_temple2
Temple:   grunt_wide_crystal_templ
Lair:1:   beast_lair_carwin_large_2, layout_long_grid, nzn_random_ring,
          grunt_megastairs_3, serial_bayou_shore_b, minmay_lair_oklob_chamber
Lair:2:   layout_chaotic_city, elwin_shoals_entry_stream
Lair:3:   layout_gridlike, guppyfry_snake_entry_island
Lair:4:   layout_gridlike, kennysheep_catoblepas_arena, uniq_snorg
Lair:5:   layout_small_grid, grunt_megastairs_2
Lair:6:   due_jungle_book, layout_hall_layers, slime_altar_1,
          infiniplex_staircase_pool
Shoals:1: layout_shoals, wheals_shoals_ruined_temple, uniq_josephine
Shoals:2: layout_shoals
Shoals:3: layout_shoals, yaktaur_hedge
Shoals:4: shoals_end_grunt_ice, layout_shoals, shoals_ilsuiw_ice,
          ebering_ghost_disaster_area, uniq_polyphemus
Snake:1:  layout_honeycomb, nrook_guardian_serpent_ordinary
Snake:2:  layout_cave_shapes, uniq_jorgrun
Snake:3:  nicolae_aizul_guard, layout_gridlike, nicolae_coiled_stairwell_up,
          grunt_megastairs_1, minmay_shop_grove, serial_bayou_shore_b,
          uniq_nikola
Snake:4:  grunt_snake_rune_pools, layout_grid_shapes, basic_altar,
          grunt_ministairs_2, st_stairs_10, hangedman_corner_corridor,
          uniq_aizul, uniq_vashnia, uniq_bai_suzhen, uniq_donald
Depths:1: layout_gridlike, skrybe_limestone_x, hell_entry, pan_entry,
          bh_walls_and_bars, grunt_megastairs_4

Skill      XL: |  1  2  3  4  5  6  7  8  9 10 11 12 13 14 15 16 17 |
---------------+----------------------------------------------------+-----
Fighting       | 2 3 5 6 7 9 10 11 13 16 18 | 18.9
Unarmed Combat | 4 5 6 7 9 10 12 13 14 15 16 | 16.8
Transmutations | 3 4 6 7 8 9 11 | 11.6
Dodging        | 2 4 6 |  6.0
Shields        | 1 4 6 12 15 | 15.0
Invocations    | 4 7 |  7.0
Spellcasting   | |  2.0

Action                   |  1- 3 |  4- 6 |  7- 9 | 10-12 | 13-15 | 16-18 || total
-------------------------+-------+-------+-------+-------+-------+-------++-------
Melee: Unarmed           |   201 |   229 |   346 |  1003 |  1787 |  1230 ||  4796
       Tailslap          |    16 |    19 |    43 |   134 |   386 |   239 ||   837
       Kick              |     2 |     9 |    53 |    58 |     8 |       ||   130
       Headbutt          |       |     3 |    30 |    44 |     7 |       ||    84
       Punch             |       |     5 |     3 |     1 |     3 |     1 ||    13
Throw: Stone             |       |     5 |       |     3 |    11 |    25 ||    44
 Cast: Beastly Appendage |     2 |     6 |    17 |    25 |     3 |       ||    53
       Spider Form       |       |     3 |     5 |    14 |     1 |       ||    23
       Blade Hands       |       |       |       |       |     7 |     6 ||    13
Invok: Finesse           |       |       |       |       |     5 |     7 ||    12
       Heroism           |       |       |       |       |     1 |     1 ||     2
 Abil: Breathe Lightning |       |       |     2 |       |     4 |     2 ||     8
       End Transformatio |       |       |       |       |     3 |       ||     3
       Fly               |       |       |       |       |     1 |       ||     1
Evoke: Wand              |       |       |       |     4 |    20 |     9 ||    33
  Use: Potion            |       |     1 |     1 |     8 |     2 |     7 ||    19
       Scroll            |       |    11 |     6 |     6 |    17 |     9 ||    49
 Stab: Sleeping          |       |     2 |     2 |     5 |     9 |     2 ||    20
       Distracted        |       |       |       |       |     1 |     3 ||     4
Armor: Skin              |    66 |    60 |    93 |   239 |   258 |   116 ||   832
Dodge: Dodged            |   150 |   130 |   209 |   459 |   560 |   384 ||  1892
Block: Kite shield       |       |       |       |   486 |  1355 |   993 ||  2834

Table legend: (Time is in decaauts)
 A = Elapsed time spent in this place.
 B = Non-inter-level travel time spent in this place.
 C = Inter-level travel time spent in this place.
 D = Time resting spent in this place.
 E = Time spent auto-exploring this place.
 F = Levels seen in this place.
 G = Mean time per level.
                   A        B        C        D        E       F      G
               +--------+--------+--------+--------+--------+-----+--------+
         Total |  59995 |  57942 |   2053 |  25263 |  21972 |  31 | 1935.3 |
       Dungeon |  27315 |  26136 |   1179 |   7476 |  13704 |  15 | 1821.0 |
        Temple |     22 |     14 |      8 |      0 |     11 |   1 |   22.0 |
          Lair |  11634 |  11185 |    449 |   4468 |   5034 |   6 | 1939.0 |
        Shoals |   8828 |   8700 |    128 |   5980 |    830 |   4 | 2207.0 |
     Snake Pit |  12193 |  11906 |    287 |   7338 |   2393 |   4 | 3048.2 |
        Depths |      1 |      0 |      1 |      0 |      0 |   1 |    1.0 |
               +--------+--------+--------+--------+--------+-----+--------+

Top non-repeatable levels by time:
 Snake:3: 6734 daAuts
Shoals:2: 3630 daAuts
 Snake:1: 3298 daAuts
    D:14: 2887 daAuts
  Lair:6: 2737 daAuts
  Lair:2: 2670 daAuts
    D:13: 2468 daAuts
     D:5: 2243 daAuts
Shoals:3: 2154 daAuts
    D:15: 2116 daAuts
    D:11: 2114 daAuts
  Lair:3: 2100 daAuts
     D:7: 1955 daAuts
     D:9: 1933 daAuts
  Lair:1: 1888 daAuts
